 Dungeon Crawl Stone Soup version 0.31-a0-174-g85c54bcb58 (webtiles) character file.

Game seed: 14717121759586022094

40282 NoAnimeNoLife the Carver (level 14, -1/72 (73) HPs)
             Began as a Vine Stalker Gladiator on June 15, 2023.
             Was a High Priest of Makhleb.
             Slain by a dire elephant (11 damage)
             ... on level 5 of the Lair of Beasts.
             The game lasted 00:37:14 (16248 turns).

NoAnimeNoLife the Carver (Vine Stalker Gladiator)  Turns: 16248, Time: 00:37:15

HP:   -1/72 (73)    AC: 12    Str: 23    XL:     14   Next: 10%
MP:   0/19          EV: 17    Int:  8    God:    Makhleb [*****.]
Gold: 1226          SH:  0    Dex: 21    Spells: 13/13 levels left

rFire   . . .        I - +5 scimitar (freeze)
rCold   . . .        (no shield)
rNeg    . . .        Q - +0 swamp dragon scales
rPois   +            c - +0 helmet
rElec   .            m - +0 cloak
rCorr   .            P - +0 pair of gloves
SInv    +            V - +0 pair of boots
Will    +....        (no amulet)
Stlth   +++++        t - ring of see invisible
HPRegen 1.12/turn    Y - +6 ring of strength
MPRegen 0.16/turn

%: guardian spirit
@: lightly drained
A: fangs 3, regeneration 1, magic shield, antimagic bite, no potion heal 2
a: Renounce Religion, Minor Destruction, Lesser Servant of Makhleb, Major
Destruction, Greater Servant of Makhleb


You were on level 5 of the Lair of Beasts.
You worshipped Makhleb.
Makhleb was extremely pleased with you.
You visited 2 branches of the dungeon, and saw 17 of its levels.

You collected 1226 gold pieces.

Inventory:

Hand Weapons
 I - a +5 scimitar of freezing (weapon)
 M - a +3 great sword of freezing
Missiles
 d - 3 throwing nets
 e - 6 javelins
Armour
 c - a +0 helmet (worn)
 m - a +0 cloak (worn)
 P - a +0 pair of gloves (worn)
 Q - +0 swamp dragon scales (worn)
 V - a +0 pair of boots (worn)
Jewellery
 b - a ring of protection from cold
 f - an amulet of regeneration
 s - an amulet of faith
 t - a ring of see invisible (left hand)
 A - a ring of protection from fire
 U - the amulet of Elemental Vulnerability {rPois rF-- rC-- AC+8}
   (You found it on level 11 of the Dungeon)

   [amulet of nothing]

   AC:        It affects your AC (+8).
   rF:        It makes you very vulnerable to fire.
   rC:        It makes you very vulnerable to cold.
   rPois:     It protects you from poison.
 Y - a +6 ring of strength (right hand)
Wands
 a - a wand of quicksilver (9)
 q - a wand of paralysis (29)
 B - a wand of mindburst (10)
 C - a wand of flame (42)
 H - a wand of digging (11)
 R - a wand of iceblast (8)
Scrolls
 h - 3 scrolls of amnesia
 k - 2 scrolls of silence
 l - 8 scrolls of revelation
 u - 2 scrolls of torment
 y - 2 scrolls of immolation
 z - 8 scrolls of vulnerability
 F - a scroll of fog
 T - 2 scrolls of brand weapon
Potions
 i - 4 potions of berserk rage
 j - 4 potions of mutation
 n - a potion of cancellation {unknown}
 o - 2 potions of attraction {unknown}
 r - 5 potions of curing
 v - 2 potions of magic {unknown}
 w - 2 potions of resistance {unknown}
 D - 3 potions of haste {unknown}
 E - 4 potions of brilliance {unknown}
 K - 2 potions of enlightenment {unknown}
 L - a potion of lignification {unknown}
 N - 2 potions of invisibility {unknown}
 O - 3 potions of ambrosia
 W - a potion of might {unknown}
 X - a potion of degeneration {unknown}
Miscellaneous
 Z - a phantom mirror (inert)


   Skills:
 - Level 8.0 Fighting
 - Level 14.0 Long Blades
 - Level 1.7 Throwing
 - Level 3.8 Armour
 - Level 9.5 Dodging
 - Level 13.8 Stealth
 + Level 6.1 Invocations
 + Level 0.4 Evocations


You had 13 spell levels left.
You didn't know any spells.
Your spell library contained the following spells:

 Spells                   Type           Power      Damage    Failure   Level
 Apportation              Tloc           0%         N/A       56%         1
 Beastly Appendage        Tmut           0%         N/A       56%         1
 Slow                     Hex            0%         N/A       56%         1
 Blink                    Tloc           0%         N/A       71%         2
 Cigotuvi's Dreadful Rot  Necr/Pois/Air  0%         N/A       71%         2
 Ensorcelled Hibernation  Hex/Ice        0%         N/A       71%         2
 Lesser Beckoning         Tloc           0%         N/A       71%         2
 Momentum Strike          Conj/Tloc      0%         3d8       71%         2
 Poisonous Vapours        Pois/Air       0%         N/A       71%         2
 Static Discharge         Conj/Air       0%         2-2/arc   71%         2
 Wereblood                Tmut           0%         N/A       71%         2
 Ignite Poison            Fire/Tmut/Pois 0%         N/A       90%         3
 Inner Flame              Hex/Fire       0%         N/A       90%         3
 Mephitic Cloud           Conj/Pois/Air  0%         N/A       90%         3
 Spider Form              Tmut/Pois      0%         N/A       90%         3
 Summon Guardian Golem    Hex/Summ       0%         N/A       90%         3
 Airstrike                Air            0%         2d(0-16)  100%        4
 Flame Wave               Conj/Fire      0%         2d4       100%        4
 Sticky Flame             Conj/Fire      0%         2d3       100%        4
 Summon Lightning Spire   Summ/Air       0%         N/A       100%        4
 Alistair's Intoxication  Tmut/Pois      0%         N/A       100%        5
 Freezing Cloud           Conj/Ice/Air   0%         6-21      100%        5
 Orb of Destruction       Conj           0%         9d5       100%        7
 Spellforged Servitor     Conj/Summ      0%         N/A       100%        7


Dungeon Overview and Level Annotations

Branches:
Dungeon (12/15)            Temple (0/1) D:4            Lair (5/5) D:8
 Shoals (0/4) Lair:2       Spider (0/4) Lair:2        Slime (0/5) Lair:4
    Orc (0/2) D:11

Altars:
Hepliaklqana
Makhleb
Okawaru
Trog
Uskayaw
Wu Jian
Xom
Jiyva


Innate Abilities, Weirdness & Mutations

You have razor-sharp teeth.
Your natural rate of healing is unusually fast.
When hurt, damage is shared between your health and your magic reserves.
Your bite disrupts and absorbs the magic of your enemies.
Potions cannot restore your health.


Message History

Okay, then.
Read: scroll of fear
Press: ? - help, Q - select action, (/) - cycle Dir - look around, f - activate Look: a dire elephant (black smoke, moderately wounded, chance to affect: 47%)
As you read the scroll of fear, it crumbles to dust.
You assume a fearsome visage.
The spectral anaconda is unaffected.
The dire elephant easily resists.
The dire elephant looks frightened!
The necromancer looks frightened!
The dire elephant's soul is no longer bound.
The dire elephant misses you. The dire elephant barely misses you.
Press: ? - help, v - describe, . - travel The floor.
There is a cloud of black smoke here.
Okay, then.
Okay, then.
Okay, then.
Okay, then.
Okay, then.
Okay, then.
Unknown command.
Okay, then.
Okay, then.
Unknown command.
Okay, then.
Okay, then.
Unknown command.
Okay, then.
Press: ? - help, v - describe, . - travel
Here: a necromancer, wielding a +0 dagger and wearing a +0 robe (fleeing)
An open door.
Aiming: Phantom Mirror
Press: ? - help, Dir - move target, f/p - dire elephant
Aim: a dire elephant (black smoke, moderately wounded)
You reflect the dire elephant with the mirror!
The mirror clouds!
Your dire elephant tramples the dire elephant but does no damage.
Your dire elephant trunk-slaps the dire elephant but does no damage.
The dire elephant tramples you!!
You die...

.P......♣ #####...##
#...÷...♣# +..8##...#
.........# ###..'....#
.........♣ #..P.'[..##
.........P♣ #.#####.P#
..........♣##.#..'...#
..........##.P#..'..##
#.........##.##..#.##
##......P###.#.Y@###
#.......♣#P.P#8Y8#
#....)..##.####p##
##......#.P#~§§Z##
#.......#.##~§§Y§#
##......#.#~~≈≈§§#
#.......#.#.~≈≈≈~#
##......#.##P≈≈~##
...†....#.####'Y#


You could see 2 dire elephants, a spectral anaconda, a necromancer (fleeing) and
a friendly dire elephant (summoned, drained).

Vanquished Creatures
  2 hydras
  Erica (D:9)
  3 boulder beetles
  7 death yaks
  3 two-headed ogres
  A skyshark (Lair:2)
  A lindwurm (Lair:5)
  An ugly thing (D:12)
  A deep elf pyromancer (D:12)
  4 elephants (Lair:4)
  4 black mambas
  A water nymph (Lair:2)
  14 cane toads
  Maggie (D:9)
  2 rime drakes
  6 komodo dragons
  2 trolls
  2 hornets
  2 polar bears
  A spectral elephant (Lair:5)
  9 blink frogs
  A vampire (D:9)
  17 yaks
  A wraith (D:12)
  4 slime creatures (D:10)
  4 shadows
  A fire elemental (D:12)
  2 wyverns
  2 basilisks
  10 vampire mosquitoes
  2 steam dragons (D:7)
  Duvessa (D:7)
  An acid dragon (D:10)
  9 water moccasins
  An ice beast (D:8)
  3 orc warriors
  4 sky beasts
  4 black bears
  An ogre (D:5)
  20 wolves
  3 centaurs
  4 phantoms
  A kobold brigand (D:7)
  12 bullfrogs
  2 scorpions
  27 wights
  Dowan (D:7)
  14 killer bees
  5 howler monkeys
  3 electric eels
  A lava snake (D:12)
  2 hounds
  4 jellies
  10 orc priests
  Crazy Yiuf (D:7)
  8 iguanas
  14 orc wizards
  An adder (D:2)
  A shadow imp (D:7)
  A white imp (D:6)
  3 worms
  3 dart slugs
  32 orcs
  4 endoplasms
  3 giant cockroaches
  6 hobgoblins
  4 jackals (D:3)
  15 kobolds
  2 quokkas (D:5)
  2 ball pythons
  4 bats
  8 frilled lizards
  4 goblins
  A rat (D:1)
362 creatures vanquished.

Vanquished Creatures (collateral kills)
  A two-headed ogre (D:10)
  A death yak (D:8)
  3 yaks (D:8)
  2 wights (D:6)
  An orc priest (D:9)
  2 orcs
10 creatures vanquished.

Grand Total: 372 creatures vanquished

Notes
Turn   | Place    | Note
-------+----------+-------------------------------------------
     0 | D:1      | NoAnimeNoLife the Vine Stalker Gladiator began the quest
                  | for the Orb.
     0 | D:1      | Reached XP level 1. HP: 11/11 MP: 2/2
   139 | D:1      | Found a faded altar of an unknown god.
   200 | D:1      | Reached XP level 2. HP: 13/15 MP: 1/3
   201 | D:1      | Reached skill level 3 in Long Blades
   411 | D:1      | Prayed at the altar of an unknown god.
   411 | D:1      | Became a worshipper of Makhleb the Destroyer
   411 | D:1      | Reached * piety under Makhleb
   991 | D:2      | Reached XP level 3. HP: 2/19 MP: 1/4
  1393 | D:2      | Found a bloodstained altar of Trog.
  1902 | D:2      | Gained mutation: Your natural rate of healing is unusually
                  | fast. [Vine Stalker growth]
  1902 | D:2      | Reached XP level 4. HP: 21/23 MP: 3/5
  1974 | D:3      | Reached ** piety under Makhleb
  2132 | D:3      | Found a hazy altar of Hepliaklqana.
  2159 | D:3      | Noticed a scorpion
  2167 | D:3      | Killed a scorpion
  2168 | D:3      | Reached skill level 4 in Long Blades
  2168 | D:3      | Reached XP level 5. HP: 20/28 MP: 4/6
  3073 | D:4      | Found a staircase to the Ecumenical Temple.
  3241 | D:4      | Noticed a phantom
  3259 | D:4      | Killed a phantom
  3260 | D:4      | Reached skill level 5 in Long Blades
  3260 | D:4      | Reached XP level 6. HP: 29/32 MP: 5/7
  3454 | D:5      | Entered Level 5 of the Dungeon
  3484 | D:5      | Noticed a black bear
  3496 | D:5      | Killed a black bear
  3504 | D:5      | Reached skill level 6 in Long Blades
  3578 | D:5      | Reached XP level 7. HP: 36/36 MP: 8/8
  3926 | D:5      | Reached skill level 1 in Invocations
  4045 | D:5      | Reached skill level 7 in Long Blades
  4215 | D:5      | Gained mutation: You have razor-sharp teeth. [Vine Stalker
                  | growth]
  4215 | D:5      | Reached XP level 8. HP: 31/40 MP: 8/11
  4258 | D:6      | Got the Quarto of the Oath and Breath
  4321 | D:6      | Reached *** piety under Makhleb
  4529 | D:6      | Reached skill level 8 in Long Blades
  4608 | D:6      | Reached skill level 5 in Invocations
  4766 | D:6      | Reached XP level 9. HP: 39/44 MP: 9/14
  5444 | D:7      | Reached skill level 9 in Long Blades
  5617 | D:7      | Noticed Dowan
  5618 | D:7      | Noticed Duvessa
  5633 | D:7      | Killed Duvessa
  5637 | D:7      | Killed Dowan
  5768 | D:7      | Reached skill level 10 in Long Blades
  6011 | D:7      | Found a runed translucent door.
  6012 | D:7      | Noticed Crazy Yiuf
  6017 | D:7      | Killed Crazy Yiuf
  6526 | D:7      | Reached skill level 11 in Long Blades
  6634 | D:7      | Reached XP level 10. HP: 49/49 MP: 13/15
  6695 | D:8      | Reached **** piety under Makhleb
  7047 | D:8      | Noticed a death yak
  7057 | D:8      | Noticed a death yak
  7059 | D:8      | Noticed a death yak
  7069 | D:7      | Killed a death yak
  7070 | D:7      | Reached skill level 12 in Long Blades
  7273 | D:8      | Found a staircase to the Lair.
  7297 | D:8      | Killed a death yak
  7301 | D:8      | Killed a death yak
  7302 | D:8      | Reached skill level 13 in Long Blades
  7665 | D:8      | Reached XP level 11. HP: 47/52 MP: 13/16
  8002 | D:9      | Noticed Erica
  8067 | D:9      | Killed Erica
  8068 | D:9      | Reached skill level 14 in Long Blades
  8388 | D:9      | Found an iron altar of Okawaru.
  8514 | D:9      | Noticed a two-headed ogre
  8539 | D:9      | Killed a two-headed ogre
  8540 | D:9      | Reached skill level 5 in Fighting
  8683 | D:9      | Noticed Maggie
  8695 | D:9      | Killed Maggie
  8756 | D:9      | Noticed a two-headed ogre
  8767 | D:9      | Killed a two-headed ogre
  8778 | D:9      | Found a shimmering altar of Xom.
  9335 | D:10     | Entered Level 10 of the Dungeon
  9355 | D:10     | Reached skill level 1 in Stealth
  9469 | D:10     | Reached skill level 1 in Armour
 10200 | D:10     | Noticed a two-headed ogre
 10341 | D:10     | Killed a two-headed ogre
 10342 | D:10     | Reached XP level 12. HP: 54/64 MP: 15/17
 10721 | D:11     | Found the amulet of Elemental Vulnerability {rPois rF--
                  | rC-- AC+8}
 10727 | D:11     | Noticed a two-headed ogre
 10740 | D:11     | Killed a two-headed ogre
 10957 | D:11     | Found a staircase to the Orcish Mines.
 11160 | D:12     | Reached skill level 5 in Stealth
 11614 | D:12     | Noticed a boulder beetle
 11638 | D:12     | Killed a boulder beetle
 12077 | Lair:1   | Entered Level 1 of the Lair of Beasts
 12116 | Lair:1   | Reached skill level 5 in Dodging
 12925 | Lair:1   | Reached XP level 13. HP: 66/68 MP: 14/18
 12933 | Lair:1   | Reached ***** piety under Makhleb
 13305 | Lair:2   | Reached skill level 10 in Stealth
 13559 | Lair:2   | Found a hole to the Spider Nest.
 14797 | Lair:4   | Identified the +2 falchion "Transmigrator" {freeze, *Rage
                  | rC++ Will+}
 14926 | Lair:4   | You fall into a shaft and drop 1 floor!
 14926 | Lair:5   | Entered Level 5 of the Lair of Beasts
 15045 | Lair:4   | Found an ornate altar of the Wu Jian Council.
 15045 | Lair:4   | Found a hide-covered altar of Uskayaw.
 15177 | Lair:4   | Found a staircase to the Slime Pits.
 15184 | Lair:4   | Found a viscous altar of Jiyva.
 15611 | Lair:5   | Reached XP level 14. HP: 73/73 MP: 19/19
 16186 | Lair:5   | Noticed a dire elephant
 16187 | Lair:5   | Noticed a dire elephant
 16187 | Lair:5   | Noticed a dire elephant
 16242 | Lair:5   | HP: 3/72 [constriction (2)]
 16248 | Lair:5   | Slain by a dire elephant

Illustrated notes

Levels and vault maps discovered:
D:1:      elethiomel_arrival_shortcut, layout_loops_ring,
          hellmonk_ecumenical_altar_run_dry, minmay_misc_feat_hallway,
          chequers_serial_rivers_large_b
D:2:      layout_loops_corners, basic_altar, grunt_ministairs_1
D:3:      layout_basic, worldfamousw_hep_ancestral_shrine, minmay_circle_x
D:4:      layout_rooms, minmay_temple_entry_from_below_a
D:5:      layout_loops_cross, kennysheep_generic_room_9
D:6:      layout_cave_pools, grunt_ministairs_1
D:7:      layout_basic, uniq_duvessa, uniq_crazy_yiuf_cottage
D:8:      layout_cave_pods, dpeg_lair_monsters
D:9:      layout_layer_cave, xom_confusion_cloud, okawaru_metal_pillars_1_2,
          hex_medium, billiards_dpeg, uniq_maggie, uniq_erica
D:10:     layout_irregular_city
D:11:     layout_basic, minmay_orc_entry_temple_small, item_on_display_a
D:12:     layout_basic, kennysheep_cluttered_room
Lair:1:   layout_cave_shapes, columned_hall_lemuel,
          eino_small_chamber_without_monster, serial_bayou_lagoon_b,
          grunt_megastairs_1, serial_bayou_shore_a
Lair:2:   layout_concentric_octagons, nicolae_shoals_entry_flooding,
          spider_nest_entry_web_field, infiniplex_staircase_pool
Lair:3:   layout_chaotic_city, grunt_megastairs_5
Lair:4:   layout_misc_corridors, nicolae_slime_entry_field_trip,
          chequers_serial_rivers_large_a, nzn_masters_of_martial_movement
Lair:5:   due_jungle_book, layout_regular_city

Skill      XL: |  1  2  3  4  5  6  7  8  9 10 11 12 13 |
---------------+----------------------------------------+-----
Fighting       | 2 3 7 8 |  8.0
Long Blades    | 3 4 5 6 7 8 11 13 14 | 14.0
Invocations    | 2 5 6 |  6.1
Stealth        | 3 9 13 | 13.8
Armour         | 2 3 |  3.8
Dodging        | 3 6 9 |  9.5
Throwing       | |  1.7
Evocations     | |  0.4

Action                     |  1- 3 |  4- 6 |  7- 9 | 10-12 | 13-15 || total
---------------------------+-------+-------+-------+-------+-------++-------
  Melee: Long sword        |   103 |    81 |    78 |       |       ||   262
         Bite              |    23 |    18 |    73 |   150 |   143 ||   407
         Punch             |       |       |     3 |     6 |     5 ||    14
         Falchion          |       |       |    58 |       |       ||    58
         Scimitar          |       |       |    59 |   431 |   305 ||   795
  Throw: Throwing net      |     3 |       |       |       |       ||     3
         Javelin           |     1 |       |       |       |       ||     1
 Invoke: Minor Destruction |       |    10 |    79 |    39 |       ||   128
         Lesser Servant of |       |       |     2 |     9 |     1 ||    12
         Major Destruction |       |       |       |     1 |       ||     1
  Evoke: Wand              |       |       |     1 |     3 |       ||     4
         Phantom mirror    |       |       |       |       |     1 ||     1
    Use: Scroll            |       |     4 |       |    12 |     4 ||    20
         Potion            |       |       |       |       |     4 ||     4
   Stab: Sleeping          |     1 |       |       |     8 |    10 ||    19
         Paralysed         |       |       |     4 |       |       ||     4
         Distracted        |       |       |       |     2 |     2 ||     4
 Armour: Leather armour    |    21 |       |       |       |       ||    21
         Chain mail        |     9 |    53 |    72 |       |       ||   134
         Ring mail         |       |       |     2 |    54 |       ||    56
         Swamp dragon scal |       |       |       |    58 |   101 ||   159
  Dodge: Dodged            |    61 |    31 |    65 |   189 |   205 ||   551

Table legend: (Time is in decaauts)
 A = Elapsed time spent in this place.
 B = Non-inter-level travel time spent in this place.
 C = Inter-level travel time spent in this place.
 D = Time resting spent in this place.
 E = Time spent auto-exploring this place.
 F = Levels seen in this place.
 G = Mean time per level.
                   A        B        C        D        E       F      G
               +--------+--------+--------+--------+--------+-----+--------+
         Total |  16149 |  14924 |   1225 |    869 |  11219 |  17 |  949.9 |
       Dungeon |  12051 |  10920 |   1131 |    727 |   8290 |  12 | 1004.2 |
          Lair |   4098 |   4004 |     94 |    142 |   2928 |   5 |  819.6 |
               +--------+--------+--------+--------+--------+-----+--------+

Top non-repeatable levels by time:
     D:7: 1642 daAuts
     D:9: 1464 daAuts
     D:8: 1155 daAuts
  Lair:1: 1064 daAuts
     D:2: 1003 daAuts
     D:3: 997 daAuts
     D:1: 994 daAuts
     D:5: 961 daAuts
    D:10: 932 daAuts
  Lair:3: 921 daAuts
    D:12: 871 daAuts
     D:6: 793 daAuts
  Lair:2: 775 daAuts
    D:11: 710 daAuts
  Lair:5: 705 daAuts
